 Dungeon Crawl Stone Soup version 0.23-a0-8-gb809bb7 (webtiles) character file.

126604 glosham the Warrior (level 16, -7/189 HPs)
             Began as an Ogre Arcane Marksman on July 30, 2018.
             Was a High Priest of Cheibriados.
             Mangled by a white very ugly thing (48 damage)
             ... on level 2 of the Depths on Aug 2, 2018.
             The game lasted 09:45:47 (21044 turns).

glosham the Warrior (Ogre Arcane Marksman)         Turns: 21044, Time: 09:45:48

Health: -7/189     AC: 10    Str: 35      XL:     16   Next: 99%
Magic:  29/29      EV: 21    Int: 26 (27) God:    Cheibriados [*****.]
Gold:   184        SH:  0    Dex: 28      Spells: 7/33 levels left

rFire    . . .     SeeInvis .   a - +7 broad axe (distort) {!w}
rCold    . . .     Gourm    .   (no shield)
rNeg     + . .     Faith    .   X - +0 acid dragon scales
rPois    .         Spirit   .   W - +0 hat
rElec    .         Reflect  .   Y - +2 cloak {+Inv}
rCorr    +         Harm     .   (gloves unavailable)
MR       ++++.     Clarity  +   (boots unavailable)
Stlth    ++........             z - amulet of the Four Winds {rN+ MR+++ Clar}
HPRegen  0.41/turn              A - +5 ring of dexterity
MPRegen  0.21/turn              B - ring of wizardry

@: about to teleport, very slow
A: large, unfitting armour, tough skin 1
a: Bend Time, Temporal Distortion, Slouch, Step From Time, Renounce Religion,
Evoke Invisibility


You were on level 2 of the Depths.
You worshipped Cheibriados.
Cheibriados was extremely pleased with you.
You were not hungry.

You visited 4 branches of the dungeon, and saw 25 of its levels.
You also visited: Sewer and Volcano.

You collected 2774 gold pieces.
You spent 2590 gold pieces at shops.

Inventory:

Hand Weapons
 a - a +7 broad axe of distortion (weapon) {!w}
Missiles
 b - 553 stones
 c - 27 large rocks (quivered)
 d - 23 tomahawks
 f - 4 javelins of penetration
 G - 2 throwing nets
 H - 11 javelins
 I - 7 needles of paralysis
Armour
 R - a +0 troll leather armour
 W - a +0 hat (worn)
 X - +0 acid dragon scales (worn)
 Y - a +2 cloak of invisibility (worn)
Jewellery
 z - the amulet of the Four Winds (around neck) {rN+ MR+++ Clar}
   (You bought it in a shop on level 2 of the Orcish Mines)

   [amulet of nothing]

   It protects you from negative energy.
   It affects your resistance to hostile enchantments.
   It protects you against confusion.
 A - a +5 ring of dexterity (left hand)
 B - a ring of wizardry (right hand)
 C - an uncursed ring of protection from cold
 D - the ring "Zofoaw" {Fire rN+}
   (You found it on level 6 of the Lair of Beasts)

   [ring of fire]

   It enhances your fire magic.
   It protects you from fire.
   It makes you vulnerable to cold.
   It protects you from negative energy.
 E - an uncursed ring of fire
 F - an uncursed ring of flight
 N - an uncursed ring of positive energy
 P - an uncursed ring of poison resistance
Wands
 g - a wand of digging (27)
 h - a wand of polymorph (13)
 i - a wand of flame (55)
 j - a wand of acid (31)
Scrolls
 k - 9 scrolls of teleportation
 l - 3 scrolls of blinking
 m - 3 scrolls of fog
 n - 5 scrolls of fear
 o - 5 scrolls of remove curse
 p - 4 scrolls of identify
 K - a scroll of magic mapping
 L - a scroll of brand weapon
Potions
 q - 3 potions of brilliance
 r - 15 potions of curing
 s - 8 potions of heal wounds
 t - 4 potions of magic
 u - a potion of resistance
 v - 2 potions of cancellation
 w - 5 potions of invisibility
 x - a potion of agility
 y - 3 potions of might
 M - a potion of mutation {!q}
Miscellaneous
 J - a crystal ball of energy
Comestibles
 e - 41 rations
 O - 2 chunks of flesh


   Skills:
 - Level 19.0 Fighting
 * Level 7.7 Axes
 - Level 17.0 Throwing
 - Level 2.0 Armour
 - Level 11.3 Dodging
 - Level 9.0 Spellcasting
 - Level 2.6 Hexes
 - Level 2.0 Charms
 - Level 2.0 Necromancy
 - Level 2.0 Translocations
 - Level 9.0 Invocations


You had 7 spell levels left.
You knew the following spells:

 Your Spells              Type           Power        Failure   Level  Hunger
a - Apportation           Tloc           ###...       1%          1    None
c - Confusing Touch       Hex            ####..       1%          1    None
f - Cause Fear            Hex            ####......   8%          4    #......
p - Portal Projectile     Hex/Tloc       ###...       2%          3    None
q - Corona                Hex            ####...      1%          1    None
r - Regeneration          Chrm/Necr      ###.......   3%          3    None
s - Shroud of Golubria    Chrm/Tloc      ###.......   1%          2    None
w - Spectral Weapon       Hex/Chrm       ###.....     2%          3    None
P - Passwall              Tmut/Erth      ##......     3%          2    None
S - Song of Slaying       Chrm           ###.....     1%          2    None
Z - Animate Dead          Necr           N/A          11%         4    #......

Your spell library contained the following spells:

 Spells                   Type           Power        Failure   Level  Hunger
 Magic Dart               Conj           ##..         2%          1    None
 Slow                     Hex            ####....     1%          2    None
 Confuse                  Hex            ####....     2%          3    None
 Summon Small Mammal      Summ           ##..         2%          1    None
 Iskenderun's Mystic Bla  Conj           ##......     22%         4    #......
 Pain                     Necr           ###.         1%          1    None
 Animate Skeleton         Necr           N/A          1%          1    None
 Vampiric Draining        Necr           ###.......   3%          3    None
 Tukima's Dance           Hex            ####....     2%          3    None
 Stone Arrow              Conj/Erth      ##....       7%          3    None
 Ensorcelled Hibernation  Hex/Ice        ###...       1%          2    None
 Metabolic Englaciation   Hex/Ice        ###.......   34%         5    ####...
 Lee's Rapid Deconstruct  Erth           ##........   52%         5    ####...
 Sandblast                Erth           ##....       2%          1    None
 Petrify                  Tmut/Erth      ##......     22%         4    #......
 Leda's Liquefaction      Hex/Erth       ###.......   13%         4    #......
 Inner Flame              Hex/Fire       ###.....     4%          3    None
 Fulminant Prism          Conj/Hex       ###.......   13%         4    #......
 Dazzling Spray           Conj/Hex       ###...       4%          3    None
 Force Lance              Conj/Tloc      ###.....     16%         4    #......
 Infusion                 Chrm           ###.         1%          1    None
 Searing Ray              Conj           ##....       3%          2    None
 Gell's Gravitas          Tloc           ###.......   3%          3    None
 Yara's Violent Unravell  Hex/Tmut       ###.......   34%         5    ####...


Dungeon Overview and Level Annotations

Branches:
Dungeon (15/15)            Temple (0/1) D:6            Lair (6/6) D:10
  Swamp (0/4) Lair:4       Spider (0/4) Lair:3        Slime (0/5) Lair:6
    Orc (2/2) D:12            Elf (0/3) Orc:2        Vaults (0/5) D:13
 Depths (2/5) D:15

Altars:
Ashenzari
Cheibriados
Dithmenos
Gozag
Nemelex Xobeh
Okawaru
Uskayaw
The Shining One
Beogh

Shops:
D:13 !(%[   Orc:1 [   Orc:2 =*[(   Depths:1 =}[

Portals:
Hell: Depths:1 Depths:2
Abyss: Depths:2
Pandemonium: Depths:1 Depths:2
Ziggurat: Depths:2


Innate Abilities, Weirdness & Mutations

You are too large for most types of armour.
You have tough skin. (AC +1)


Message History

You throw a large rock.
The large rock hits the white very ugly thing!!
The white very ugly thing is lightly wounded.
A deep troll shaman comes into view.
The white very ugly thing trunk-slaps you but does no damage.
Throwing (i - inventory. (/) - cycle)
c - 29 large rocks (quivered)
Press: ? - help, Shift-Dir - straight line, f - deep troll shaman, p - white very ugly thing
Aim: a deep troll shaman You throw a large rock.
The large rock hits the white very ugly thing!
The white very ugly thing is moderately wounded.
The white very ugly thing trunk-slaps you.
The white very ugly thing freezes you!!
Throwing (i - inventory. (/) - cycle)
c - 28 large rocks (quivered)
Press: ? - help, Shift-Dir - straight line, f - white very ugly thing, p - deep troll shaman
Aim: a white very ugly thing You throw a large rock.
The large rock hits the white very ugly thing!!
The white very ugly thing is heavily wounded.
An ettin comes into view. It is wielding two dire flails.
The white very ugly thing trunk-slaps you!
The white very ugly thing freezes you!!!
You slash the white very ugly thing!
The white very ugly thing is heavily wounded.
The white very ugly thing blinks!
A flayed ghost comes into view.
The white very ugly thing misses you.
As you read the scroll of teleportation, it crumbles to dust.
You feel strangely unstable.
The white very ugly thing tail-slaps you!
The white very ugly thing freezes you!!
You slash the white very ugly thing!
Space bends around the white very ugly thing.
The white very ugly thing is severely wounded.
You slash the white very ugly thing!
Space bends around the white very ugly thing.
The white very ugly thing trunk-slaps you!!
* * * LOW HITPOINT WARNING * * *
The white very ugly thing freezes you!!!
You die...

#.#.# #.# .#
#.#.###.##..#
#...........#
###.###.##..# #.#
#.##..#
##.###.##..#
#...##.##..## ...
#.#......u..#.#....
#.####...@uT.X(W8..
#.# #.##....C.....
#.# #.##...##..8..
##.####.##...# ...
#...........## .
#.#####.##..# #.#
#.##..# #.#
#.##..### #
#.#####.##....## #


You could see a tentacled monstrosity, 2 very ugly things, an ettin, a flayed
ghost and a deep troll shaman.

Vanquished Creatures
  Margery (Depths:1)
  Kirke (D:12)
  Gastronok (Lair:2)
  A tengu reaver (Depths:1)
  A fire giant (Depths:2)
  An orc warlord (Orc:2)
  2 very ugly things (Depths:2)
  The ghost of pedritolo the Thaumaturge, a journeyman HuWz of Kikubaaqudgha (Lair:6)
  2 stone giants
  A dire elephant (D:15)
  2 ettins
  4 spark wasps (Depths:2)
  The ghost of Meatbag the Blocker, a journeyman GnFi of Okawaru (Lair:3)
  A merfolk javelineer (Depths:2)
  A great orb of eyes (Depths:1)
  A rakshasa (Depths:1)
  2 ice dragons
  7 hydras
  4 vault guards (D:13)
  5 centaur warriors
  Erica (Orc:1)
  4 tengu warriors
  8 two-headed ogres
  4 death yaks (Lair:5)
  2 ogre magi
  5 deep troll earth magi
  3 vampire magi (Depths:1)
  2 spriggan berserkers
  An orc high priest (Orc:2)
  Nergalle (Lair:4)
  A fire crab (shapeshifter) (Depths:1)
  4 hell knights (Depths:1)
  2 deep trolls (D:15)
  5 unseen horrors
  A flayed ghost (Depths:2)
  An orange crystal statue (Depths:2)
  2 orc knights
  2 wizards
  A deep elf mage (D:14)
  3 necromancers (Depths:1)
  4 cyclopes
  12 ugly things
  A salamander (D:15)
  An oklob plant (Lair:6)
  A wolf spider (D:15)
  2 manticores
  A fire giant skeleton (Depths:1)
  5 elephants
  A black mamba (Lair:6)
  A molten gargoyle (Volcano)
  6 spiny frogs
  4 gargoyles
  3 centaur skeletons
  2 kobold demonologists
  A yaktaur (D:13)
  3 komodo dragons
  3 efreet
  2 jumping spiders (Lair:3)
  4 trolls
  2 tengu conjurers
  4 hornets
  3 polar bears (Lair:6)
  An ice dragon zombie (Depths:1)
  14 blink frogs
  6 hippogriffs
  A meliai zombie (D:14)
  3 dream sheep
  A spriggan zombie (Depths:2)
  6 redbacks (Lair:3)
  12 spriggans
  A shadow (D:13)
  A water elemental (Depths:1)
  2 humans (D:13)
  A basilisk (D:15)
  A wraith (D:11)
  5 wyverns
  2 fire elementals (Volcano)
  7 fire bats (Volcano)
  30 yaks
  5 hogs (D:12)
  3 hungry ghosts
  4 wargs
  2 insubstantial wisps (Lair:4)
  2 hydra simulacra (Lair:6)
  3 acid dragons
  7 water moccasins
  3 porcupines
  9 ice beasts
  32 orc warriors
  2 phantoms (D:12)
  6 sky beasts
  A necrophage (D:11)
  2 black mamba simulacra (Lair:6)
  12 boggarts
  15 ogres
  2 black bears
  An eye of draining (D:13)
  An ice dragon simulacrum (Depths:1)
  13 wolves (Lair:6)
  7 centaurs
  6 big kobolds
  7 crocodiles
  12 bullfrogs
  A wyvern zombie (D:14)
  2 earth elementals (Volcano)
  A hornet simulacrum (D:14)
  7 scorpions
  12 killer bees
  10 wights
  2 howler monkeys
  8 crimson imps
  4 centaur zombies
  4 lava snakes (Volcano)
  2 quasits
  3 bullfrog zombies
  4 jellies
  32 orc priests
  6 hounds
  21 orc wizards
  3 bullfrog skeletons
  6 iguanas
  12 worker ants
  Natasha (thrice) (D:2 D:4)
  Ijyb (D:4)
  2 polar bear simulacra (Lair:5)
  3 wolf simulacra (Lair:5)
  3 yak simulacra (Lair:5)
  6 gnolls (D:9)
  2 river rats
  17 adders
  3 shadow imps
  7 oozes
  An adder zombie (D:9)
  5 worms
  3 dart slugs
  5 leopard geckos
  112 orcs
  7 giant cockroaches
  7 goblins
  6 hobgoblins
  11 jackals
  32 kobolds
  5 quokkas
  7 ball pythons
  5 bats
  4 frilled lizards
  2 jackal skeletons
  A quokka zombie (D:5)
  12 rats
  2 river rat simulacra (Lair:5)
  2 fungi (Lair:6)
  A plant (Lair:2)
827 creatures vanquished.

Vanquished Creatures (collateral kills)
  Rupert (Lair:4)
  A necromancer (Lair:5)
  An ugly thing (D:12)
  2 elephants
  3 black mambas
  2 spiny frogs
  3 rime drakes
  A komodo dragon (Lair:5)
  2 polar bears (Lair:6)
  A hornet (Lair:6)
  4 dream sheep (Lair:5)
  A blink frog (Lair:3)
  A hippogriff (Lair:3)
  3 spriggans (Lair:6)
  A redback (Lair:3)
  A hog (D:12)
  6 yaks
  A hungry ghost (D:8)
  2 insubstantial wisps (Lair:3)
  A hydra simulacrum (Lair:6)
  2 porcupines
  A water moccasin (Lair:1)
  A human skeleton (Depths:1)
  An ice beast (D:10)
  A black mamba simulacrum (Lair:6)
  3 wolves (Lair:6)
  A crocodile (Lair:1)
  A killer bee (D:11)
  A komodo dragon simulacrum (Lair:6)
  2 orc wizards
  A white imp (Depths:2)
  2 orcs
  A river rat simulacrum (Lair:5)
  3 fungi
  2 plants
61 creatures vanquished.

Vanquished Creatures (others)
  A slime creature (shapeshifter) (Depths:1)
  4 water elementals (Depths:1)
  7 fungi
  13 plants
25 creatures vanquished.

Grand Total: 913 creatures vanquished

Notes
Turn   | Place    | Note
-------+----------+-------------------------------------------
     0 | D:1      | glosham the Ogre Arcane Marksman began the quest for the Orb.
     0 | D:1      | Reached XP level 1. HP: 19/19 MP: 2/2
   126 | D:1      | Reached XP level 2. HP: 8/28 MP: 0/3
   146 | D:1      | Reached skill level 2 in Fighting
   202 | D:2      | HP: 2/28 [jackal (3)]
   358 | D:2      | Reached skill level 3 in Throwing
   394 | D:2      | Reached XP level 3. HP: 11/36 MP: 0/4
   542 | D:2      | Found a sparkling altar of Nemelex Xobeh.
   543 | D:2      | Found a snail-covered altar of Cheibriados.
   544 | D:2      | Found a glowing golden altar of the Shining One.
   544 | D:2      | Found a shadowy altar of Dithmenos.
   549 | D:2      | Became a worshipper of Cheibriados the Contemplative
   859 | D:1      | Learned a level 3 spell: Portal Projectile
  1008 | D:2      | Noticed Natasha
  1015 | D:2      | Killed Natasha
  1015 | D:2      | Reached skill level 3 in Fighting
  1015 | D:2      | Reached XP level 4. HP: 19/45 MP: 3/5
  1316 | D:3      | Found an iron altar of Okawaru.
  1374 | D:3      | Upgraded the game from 0.22-a0-880-gb7b0c8b to 0.23-a0-4-g8f018a2
  1407 | D:3      | Reached skill level 4 in Throwing
  1442 | D:3      | Reached * piety under Cheibriados
  1520 | D:3      | Reached XP level 5. HP: 32/54 MP: 4/6
  1657 | D:3      | Reached skill level 4 in Fighting
  2058 | D:3      | Reached skill level 5 in Throwing
  2058 | D:3      | Reached XP level 6. HP: 59/63 MP: 7/7
  2491 | D:4      | Noticed Ijyb
  2495 | D:4      | Killed Ijyb
  2495 | D:4      | Reached ** piety under Cheibriados
  2528 | D:4      | Reached skill level 5 in Fighting
  2647 | D:4      | Reached skill level 6 in Throwing
  2647 | D:4      | Reached XP level 7. HP: 52/72 MP: 6/8
  2688 | D:4      | Found a glowing drain.
  2697 | Sewer    | Entered a sewer
  2922 | Sewer    | Reached skill level 6 in Fighting
  3039 | Sewer    | Reached *** piety under Cheibriados
  3085 | Sewer    | Reached skill level 7 in Throwing
  3185 | D:4      | Noticed Natasha
  3192 | D:4      | Killed Natasha
  3289 | D:4      | Got a smoking copper amulet
  3384 | D:4      | Reached XP level 8. HP: 75/84 MP: 4/9
  3516 | D:4      | Noticed Natasha
  3524 | D:4      | Killed Natasha
  3578 | D:4      | Reached skill level 7 in Fighting
  3608 | D:4      | Reached skill level 8 in Throwing
  3800 | D:5      | Entered Level 5 of the Dungeon
  3932 | D:5      | Reached **** piety under Cheibriados
  3959 | D:5      | Found an opulent altar of Gozag.
  4190 | D:5      | Got a scorched copper ring
  4196 | D:5      | Identified the cursed ring "Evifiero" {Int+4 Dex-3} (You found it on level 5 of the Dungeon)
  4198 | D:5      | Identified the amulet of the Tortoise {Inacc rF+ Str+3} (You found it on level 4 of the Dungeon)
  4392 | D:6      | Reached skill level 8 in Fighting
  4443 | D:6      | Reached skill level 9 in Throwing
  4505 | D:6      | Noticed a yak
  4531 | D:6      | Killed a yak
  4537 | D:6      | Noticed a yak
  4537 | D:6      | Noticed a yak
  4537 | D:6      | Noticed a yak
  4537 | D:6      | Noticed a yak
  4544 | D:6      | Killed a yak
  4544 | D:6      | Reached XP level 9. HP: 67/97 MP: 5/10
  4550 | D:6      | Reached skill level 9 in Fighting
  4555 | D:6      | Reached skill level 10 in Throwing
  4766 | D:6      | Found a staircase to the Ecumenical Temple.
  4927 | D:6      | Noticed Sigmund
  4928 | D:6      | Noticed Sigmund
  4928 | D:6      | Sigmund changed into Sigmund the river rat
  4938 | D:6      | Killed Sigmund the river rat
  5101 | D:7      | Found a hide-covered altar of Uskayaw.
  5189 | D:7      | Reached ***** piety under Cheibriados
  5212 | D:7      | Noticed a hornet
  5219 | D:7      | Paralysed by a hornet for 3 turns
  5222 | D:7      | Killed a hornet
  5222 | D:7      | Reached skill level 10 in Fighting
  5254 | D:7      | Reached skill level 11 in Throwing
  5378 | D:7      | Reached XP level 10. HP: 72/110 MP: 8/11
  5894 | D:8      | Reached skill level 2 in Dodging
  6040 | D:8      | Reached skill level 3 in Dodging
  6050 | D:8      | Learned a level 1 spell: Apportation
  6052 | D:8      | Learned a level 1 spell: Animate Skeleton
  6054 | D:8      | Learned a level 1 spell: Confusing Touch
  6059 | D:8      | Learned a level 4 spell: Cause Fear
  6286 | D:8      | Reached skill level 4 in Dodging
  6314 | D:8      | Reached ****** piety under Cheibriados
  6498 | D:8      | Reached skill level 5 in Dodging
  6793 | D:9      | Reached skill level 6 in Dodging
  7118 | D:9      | Reached skill level 7 in Dodging
  7150 | D:9      | Reached XP level 11. HP: 119/119 MP: 12/12
  7361 | D:10     | Entered Level 10 of the Dungeon
  7401 | D:10     | Identified the +3 trident of Fimudwuw {pierce, MR+} (You found it on level 10 of the Dungeon)
  7467 | D:10     | Found a shattered altar of Ashenzari.
  7481 | D:10     | Reached skill level 11 in Fighting
  7482 | D:10     | Reached skill level 1 in Invocations
  7548 | D:10     | Reached skill level 12 in Throwing
  7626 | D:10     | Reached skill level 2 in Spellcasting
  7731 | D:10     | Found a staircase to the Lair.
  7882 | Lair:1   | Entered Level 1 of the Lair of Beasts
  8004 | Lair:1   | Noticed a four-headed hydra
  8010 | Lair:1   | Killed a four-headed hydra
  8010 | Lair:1   | Reached skill level 2 in Invocations
  8446 | Lair:2   | Found a dark tunnel.
  8469 | Volcano  | Entered a volcano
  8497 | Volcano  | Reached skill level 12 in Fighting
  8497 | Volcano  | Reached skill level 3 in Invocations
  8634 | Volcano  | Noticed a stone giant
  8636 | Volcano  | Found a bloodstained altar of Trog.
  8651 | Volcano  | Killed a stone giant
  8651 | Volcano  | Reached skill level 8 in Dodging
  8651 | Volcano  | Reached skill level 4 in Invocations
  8651 | Volcano  | Reached XP level 12. HP: 118/133 MP: 10/15
  8893 | Lair:2   | Reached skill level 13 in Throwing
  8898 | Lair:2   | Reached skill level 13 in Fighting
  9073 | Lair:2   | Noticed Gastronok
  9080 | Lair:2   | Killed Gastronok
  9366 | Lair:2   | Upgraded the game from 0.23-a0-4-g8f018a2 to 0.23-a0-8-gb809bb7
  9526 | Lair:3   | Found a runed door.
  9529 | Lair:3   | Reached skill level 5 in Invocations
  9559 | Lair:3   | Noticed Meatbag's ghost (journeyman GnFi)
  9574 | Lair:3   | Killed Meatbag's ghost
  9729 | Lair:3   | Noticed a five-headed hydra
  9738 | Lair:3   | Killed a five-headed hydra
  9738 | Lair:3   | Reached skill level 14 in Fighting
  9902 | Lair:3   | Found a hole to the Spider Nest.
 10101 | Lair:3   | Reached skill level 6 in Invocations
 10212 | Lair:3   | Reached XP level 13. HP: 143/148 MP: 15/17
 10306 | Lair:4   | Reached skill level 14 in Throwing
 10323 | Lair:4   | Found a staircase to the Swamp.
 10394 | Lair:4   | Reached skill level 9 in Dodging
 10421 | Lair:4   | Noticed Rupert
 10426 | Lair:4   | Killed Rupert
 10426 | Lair:4   | Reached skill level 3 in Spellcasting
 10534 | Lair:4   | Noticed Nergalle
 10540 | Lair:4   | Killed Nergalle
 10668 | Lair:4   | Identified the ring "Wedybem" {+Fly rC- Str+7} (You found it on level 4 of the Lair of Beasts)
 11078 | Lair:5   | Reached skill level 15 in Fighting
 11376 | Lair:5   | Reached skill level 4 in Spellcasting
 11484 | Lair:5   | Reached skill level 7 in Invocations
 11856 | Lair:6   | Entered Level 6 of the Lair of Beasts
 11947 | Lair:6   | Found a staircase to the Slime Pits.
 12176 | Lair:6   | Reached skill level 5 in Spellcasting
 12201 | Lair:6   | Found a runed gate.
 12201 | Lair:6   | Found a runed gate.
 12201 | Lair:6   | Found a runed gate.
 12207 | Lair:6   | Noticed an ice dragon
 12217 | Lair:6   | Noticed pedritolo's ghost (journeyman HuWz)
 12229 | Lair:6   | Learned a level 3 spell: Regeneration
 12288 | Lair:6   | Reached XP level 14. HP: 128/161 MP: 18/21
 12415 | Lair:6   | Reached skill level 1 in Charms
 12415 | Lair:6   | Reached skill level 1 in Necromancy
 12418 | Lair:6   | Reached skill level 1 in Translocations
 12455 | Lair:6   | Learned a level 4 spell: Animate Dead
 12602 | Lair:6   | Reached skill level 16 in Fighting
 12861 | Lair:6   | Reached skill level 2 in Charms
 12890 | Lair:6   | Reached skill level 15 in Throwing
 12901 | Lair:6   | Reached skill level 2 in Translocations
 12941 | Lair:6   | Reached skill level 2 in Necromancy
 12957 | Lair:6   | Reached skill level 8 in Invocations
 12979 | Lair:6   | Killed pedritolo's ghost
 13044 | Lair:6   | Identified the ring "Zofoaw" {Fire rN+} (You found it on level 6 of the Lair of Beasts)
 13787 | D:11     | Reached skill level 6 in Spellcasting
 13981 | D:12     | Learned a level 2 spell: Passwall
 13995 | D:12     | Reached skill level 10 in Dodging
 14285 | D:12     | Found a staircase to the Orcish Mines.
 14295 | D:12     | Found a shadowy altar of Dithmenos.
 14378 | D:12     | Noticed Kirke
 14398 | D:12     | Killed Kirke
 14666 | D:12     | Found a roughly hewn altar of Beogh.
 14689 | Orc:1    | Entered Level 1 of the Orcish Mines
 14780 | Orc:1    | Noticed Erica
 14795 | Orc:1    | Killed Erica
 15046 | Orc:1    | Found Bovuutz's Antique Armour Shoppe.
 15191 | Orc:2    | Entered Level 2 of the Orcish Mines
 15204 | Orc:2    | Reached XP level 15. HP: 158/172 MP: 18/24
 15219 | Orc:2    | Found a staircase to the Elven Halls.
 15311 | Orc:2    | Found a roughly hewn altar of Beogh.
 15351 | Orc:2    | Found Kaevaw's Jewellery Boutique.
 15366 | Orc:2    | Bought the amulet of the Four Winds {rN+ MR+++ Clar} for 570 gold pieces
 15366 | Orc:2    | Found the amulet of the Four Winds {rN+ MR+++ Clar}
 15366 | Orc:2    | Bought an uncursed ring of positive energy for 260 gold pieces
 15435 | Orc:2    | Reached skill level 17 in Fighting
 15511 | Orc:2    | Found a roughly hewn altar of Beogh.
 15523 | Orc:2    | Found Mygrip's Assorted Antiques.
 15535 | Orc:2    | Bought a granite ring for 160 gold pieces
 15535 | Orc:2    | Bought a wand of digging (16) for 256 gold pieces
 15535 | Orc:2    | Bought 2 potions of curing for 192 gold pieces
 15624 | Orc:2    | Found a roughly hewn altar of Beogh.
 15703 | Orc:2    | Found a roughly hewn altar of Beogh.
 15731 | Orc:2    | Found a roughly hewn altar of Beogh.
 15826 | Orc:2    | Found a roughly hewn altar of Beogh.
 15868 | Orc:2    | Found a roughly hewn altar of Beogh.
 15886 | Orc:2    | Reached skill level 9 in Invocations
 15963 | Orc:2    | Reached skill level 1 in Armour
 15975 | Orc:2    | Noticed an orc warlord
 15984 | Orc:2    | Killed an orc warlord
 16068 | Orc:2    | Found Ecafeyci's Antique Weapon Emporium.
 16075 | Orc:2    | Found a roughly hewn altar of Beogh.
 16084 | Orc:2    | Found Fiux's Antique Armour Shoppe.
 16245 | Orc:2    | Bought an uncursed ring of flight for 227 gold pieces
 16327 | D:13     | Reached skill level 7 in Spellcasting
 16385 | D:13     | Found Giwopp's Distillery.
 16410 | D:13     | Bought a potion of brilliance for 64 gold pieces
 16410 | D:13     | Bought a potion of curing for 48 gold pieces
 16410 | D:13     | Bought 2 potions of invisibility for 256 gold pieces
 16410 | D:13     | Bought a potion of curing for 48 gold pieces
 16410 | D:13     | Bought a potion of heal wounds for 80 gold pieces
 16410 | D:13     | Bought a potion of heal wounds for 80 gold pieces
 16410 | D:13     | Bought a potion of lignification for 48 gold pieces
 16581 | D:13     | Found Becwaer's Food Boutique.
 16697 | D:13     | Found Ogotum's Armour Shoppe.
 16853 | D:13     | Identified the +2 falchion of Okky Ubb {speed, rN+++ MR++} (You found it on level 13 of the Dungeon)
 16963 | D:13     | Reached skill level 2 in Armour
 17117 | D:13     | Found Languusm's Weapon Shoppe.
 17274 | D:13     | Reached skill level 16 in Throwing
 17291 | D:13     | Found a gate to the Vaults.
 17958 | D:14     | Identified the cursed +3 short sword of Massacring {drain, Dex+4} (You found it on level 14 of the Dungeon)
 18364 | D:15     | Entered Level 15 of the Dungeon
 18653 | D:15     | Reached skill level 18 in Fighting
 18664 | D:15     | Found a shattered altar of Ashenzari.
 18973 | D:15     | Reached skill level 8 in Spellcasting
 19034 | D:15     | Found a staircase to the Depths.
 19127 | Depths:1 | Entered Level 1 of the Depths
 19160 | D:15     | Reached XP level 16. HP: 110/185 MP: 25/28
 19314 | Depths:1 | Found Qifissi's Armour Shoppe.
 19341 | Depths:1 | Reached skill level 11 in Dodging
 19389 | Depths:1 | Noticed a tengu reaver
 19399 | Depths:1 | Killed a tengu reaver
 19481 | Depths:1 | Noticed Margery
 19491 | Depths:1 | Killed Margery
 19538 | Depths:1 | Found a gateway to Hell.
 19655 | Depths:1 | Found Sugyikh's Jewellery Boutique.
 19655 | Depths:1 | Found a one-way gate leading to the halls of Pandemonium.
 19670 | Depths:1 | Reached skill level 9 in Spellcasting
 19679 | Depths:1 | Reached skill level 19 in Fighting
 19682 | Depths:1 | Reached skill level 17 in Throwing
 19755 | Depths:1 | Reached skill level 1 in Axes
 19837 | Depths:1 | Learned a level 3 spell: Spectral Weapon
 19840 | Depths:1 | Learned a level 2 spell: Song of Slaying
 19850 | Depths:1 | Reached skill level 2 in Axes
 19910 | Depths:1 | Found Dairroxo's Gadget Shop.
 19970 | Depths:1 | Reached skill level 3 in Axes
 20262 | Depths:1 | Bought a +2 cloak of invisibility for 301 gold pieces
 20325 | D:15     | Learned a level 2 spell: Shroud of Golubria
 20360 | Depths:2 | Reached skill level 4 in Axes
 20458 | Depths:2 | Reached skill level 5 in Axes
 20483 | Depths:2 | Found a one-way gate to the infinite horrors of the Abyss.
 20629 | Depths:2 | Found a gateway to a ziggurat.
 20671 | Depths:2 | Reached skill level 6 in Axes
 20695 | Depths:2 | Identified a scroll of acquirement
 20697 | Depths:2 | Identified the +0 cloak "Qoezos" {rPois Int-5 Dex+4} (You acquired it on level 2 of the Depths)
 20939 | Depths:2 | Reached skill level 7 in Axes
 21035 | Depths:2 | Noticed a tentacled monstrosity
 21044 | Depths:2 | Mangled by a white very ugly thing

Vault maps used:
D:1:      dpeg_arrival_stonehenge_8_columns
D:2:      chequers_temple_overflow_statue_of_worship, minivault_23, uniq_natasha
D:3:      overflow_temple_1_default, first_ration
D:4:      minmay_opposing_rooms, chequers_ossuary_entry_cave,
          portal_sewer_entry_b, uniq_ijyb
D:5:      lemuel_crystal_altar
D:6:      minmay_temple_entry_butterflies, uniq_sigmund
D:7:      lemuel_round_altar, the_bakery
D:10:     lair_entry_dummy, basic_altar, kennysheep_generic_room_6
D:11:     minmay_misc_feat_more_columns
D:12:     minmay_orc_entry_temple_small, grunt_dithmenos_shadows, uniq_kirke
D:13:     grunt_vaults_entry_fortified, serial_shops, shop,
          nicolae_shop_temple_entry_statues_fountains, shop,
          kennysheep_mini_moat
D:15:     hangedman_depths_entry_try_elsewhere_first, evilmike_ruin_ashenzari,
          minmay_unpleasant_kobolds
Lair:2:   nicolae_volcano_entry_lava_flow, uniq_gastronok
Lair:3:   nicolae_spider_entry_tight_spaces, ebering_ghost_reflecting_pool,
          lemuel_fruit_fields, lemuel_fruit_tree
Lair:4:   minmay_swamp_entry_wisps, uniq_rupert, uniq_nergalle
Lair:5:   eino_house_with_fridge
Lair:6:   minmay_lair_end_enchanted_forest, minmay_slime_entry_oklob_enclosed,
          gammafunk_ghost_icy
Orc:1:    serial_shops, nicolae_shop_trees, uniq_erica
Orc:2:    grunt_orc_community_town_hall, grunt_orc_community_big_house_1,
          grunt_orc_community_big_house_1, grunt_orc_community_house_3,
          grunt_orc_community_house_3, grunt_orc_community_house_2,
          grunt_orc_community_house_1, grunt_orc_community_house_3,
          grunt_orc_community_house_2
Depths:1: serial_shops, shop, nicolae_shop_waterfront, kennysheep_mini,
          grunt_metal_band, pan_entry, lemuel_freeze_loot_1, grunt_megastairs_1
Depths:2: kennysheep_ambush_hall, enter_ziggurat_a, hangedman_coc_ice_floe,
          pan_entry, abyss_entry, minmay_strange_pillars, minivault_16
Sewer:    sewer_co_tree
Volcano:  volcano_grotto

Skill      XL: |  1  2  3  4  5  6  7  8  9 10 11 12 13 14 15 16 |
---------------+-------------------------------------------------+-----
Fighting       | 2 3 4 5 6 8 10 12 14 15 16 18 19 | 19.0
Throwing       | 3 4 5 6 7 9 11 12 13 14 15 16 17 | 17.0
Dodging        | 7 8 9 10 11 | 11.3
Invocations    | 4 6 7 8 9 |  9.0
Spellcasting   | 2 5 6 8 9 |  9.0
Charms         | 2 |  2.0
Necromancy     | 2 |  2.0
Translocations | 2 |  2.0
Armour         | 2 |  2.0
Axes           | 7 |  7.7
Hexes          | |  2.6

Action                   |  1- 3 |  4- 6 |  7- 9 | 10-12 | 13-15 | 16-18 || total
-------------------------+-------+-------+-------+-------+-------+-------++-------
Melee: Dagger            |   155 |       |       |       |       |       ||   155
       War axe           |       |   100 |   195 |       |       |       ||   295
       Short sword       |       |    22 |       |       |       |       ||    22
       Hand axe          |       |       |    15 |   200 |   378 |       ||   593
       Quarterstaff      |       |       |    15 |       |       |       ||    15
       Trident           |       |       |       |       |    11 |       ||    11
       Scimitar          |       |       |       |       |   178 |    20 ||   198
       Broad axe         |       |       |       |       |       |    25 ||    25
Throw: Javelin           |     6 |    24 |    24 |    27 |    40 |    30 ||   151
       Stone             |       |    40 |    69 |   138 |   605 |    71 ||   923
       Tomahawk          |       |    15 |    74 |   134 |   141 |    84 ||   448
       Large rock        |       |     6 |     9 |    29 |   117 |    65 ||   226
       Throwing net      |       |       |     4 |       |       |       ||     4
 Cast: Corona            |    47 |     9 |    29 |   122 |    61 |       ||   268
       Portal Projectile |       |       |     1 |     5 |    11 |     7 ||    24
       Apportation       |       |       |       |   132 |   276 |    77 ||   485
       Animate Skeleton  |       |       |       |    19 |    32 |       ||    51
       Regeneration      |       |       |       |       |    77 |    22 ||    99
       Animate Dead      |       |       |       |       |    18 |     6 ||    24
       Passwall          |       |       |       |       |     3 |     3 ||     6
Invok: Slouch            |       |       |       |       |    12 |     5 ||    17
       Step From Time    |       |       |       |       |     1 |       ||     1
 Abil: Cancel Portal Pro |       |       |       |       |     1 |       ||     1
       Evoke Flight      |       |       |       |       |       |     2 ||     2
Evoke: Wand              |       |       |     1 |    16 |     1 |     1 ||    19
  Use: Potion            |     1 |       |       |     2 |     1 |       ||     4
       Scroll            |     8 |     6 |     7 |    10 |    16 |     7 ||    54
 Stab: Sleeping          |       |     2 |       |     3 |     2 |       ||     7
       Held in net/web   |       |       |     4 |       |       |       ||     4
       Distracted        |       |       |     1 |       |     6 |       ||     7
  Eat: Chunk             |     2 |     4 |     6 |    11 |    20 |     2 ||    45
       Ration            |       |       |       |     2 |     2 |     1 ||     5
Armor: Robe              |    65 |    62 |    91 |    53 |    71 |       ||   342
       Troll leather arm |       |       |       |       |    54 |     2 ||    56
       Acid dragon scale |       |       |       |       |       |    13 ||    13
Dodge: Dodged            |    95 |    89 |   140 |   227 |   772 |    83 ||  1406
       Rpst.: Scimitar   |       |       |       |       |    62 |     2 ||    64

Table legend:
 A = Spawn XP
 B = Non-spawn XP
 C = Spawn XP percentage of total XP
 D = Spawn monster count
 E = Non-spawn monster count
 F = Spawn count percentage of total count
 G = Total turns spent on level
                    A         B        C        D         E        F      G
               +---------+---------+-------+---------+---------+-------+---------
         Total |       0 |  180863 |   0.0 |       0 |     881 |   0.0 | 21044
               +---------+---------+-------+---------+---------+-------+---------
           D:1 |       0 |      37 |   0.0 |       0 |      18 |   0.0 |   636
           D:2 |       0 |      69 |   0.0 |       0 |      16 |   0.0 |   672
           D:3 |       0 |     255 |   0.0 |       0 |      39 |   0.0 |  1136
           D:4 |       0 |     792 |   0.0 |       0 |      30 |   0.0 |   880
           D:5 |       0 |     480 |   0.0 |       0 |      13 |   0.0 |   569
           D:6 |       0 |    1453 |   0.0 |       0 |      17 |   0.0 |   635
           D:7 |       0 |    2022 |   0.0 |       0 |      31 |   0.0 |   831
           D:8 |       0 |    2235 |   0.0 |       0 |      46 |   0.0 |   865
           D:9 |       0 |    1621 |   0.0 |       0 |      28 |   0.0 |   658
          D:10 |       0 |    1612 |   0.0 |       0 |      15 |   0.0 |   556
          D:11 |       0 |    6050 |   0.0 |       0 |      28 |   0.0 |   644
          D:12 |       0 |    7217 |   0.0 |       0 |      44 |   0.0 |   860
          D:13 |       0 |   12915 |   0.0 |       0 |      33 |   0.0 |  1088
          D:14 |       0 |    5977 |   0.0 |       0 |      29 |   0.0 |   976
          D:15 |       0 |   16486 |   0.0 |       0 |      33 |   0.0 |   830
        Lair:1 |       0 |    2649 |   0.0 |       0 |       9 |   0.0 |   562
        Lair:2 |       0 |    5104 |   0.0 |       0 |      15 |   0.0 |   870
        Lair:3 |       0 |   10015 |   0.0 |       0 |      37 |   0.0 |   733
        Lair:4 |       0 |    4976 |   0.0 |       0 |       9 |   0.0 |   727
        Lair:5 |       0 |   10340 |   0.0 |       0 |      42 |   0.0 |   892
        Lair:6 |       0 |   20410 |   0.0 |       0 |      84 |   0.0 |  1230
         Orc:1 |       0 |    3634 |   0.0 |       0 |      45 |   0.0 |   545
         Orc:2 |       0 |    8503 |   0.0 |       0 |     102 |   0.0 |  1059
      Depths:1 |       0 |   33319 |   0.0 |       0 |      51 |   0.0 |  1158
      Depths:2 |       0 |   17575 |   0.0 |       0 |      20 |   0.0 |   692
         Sewer |       0 |     407 |   0.0 |       0 |      28 |   0.0 |   479
       Volcano |       0 |    4710 |   0.0 |       0 |      19 |   0.0 |   261
               +---------+---------+-------+---------+---------+-------+---------

Table legend:
 A = Turns spent in this place as a percentage of turns spent in the entire game.
 B = Non-inter-level travel turns spent in this place as a percentage of non-inter-level travel turns spent in the entire game.
 C = Inter-level travel turns spent in this place as a percentage of turns spent in this place.
 D = Turns resting spent in this place as a percentage of non-inter-level travel turns spent in this place.
 E = Turns spent auto-exploring this place as a percentage of non-inter-level travel turns spent in this place.
 F = Non-inter-level travel turns spent in this place divided by the number of levels of this place that you've seen.
                   A       B       C       D       E      F
               +-------+-------+-------+-------+-------+----------------------
         Total | 100.0 | 100.0 |   8.3 |   0.2 |   0.4 | 714.4
       Dungeon |  56.2 |  55.2 |  10.0 |   0.3 |   0.7 | 710.1
          Lair |  23.8 |  24.9 |   4.4 |   0.0 |   0.0 | 799.2
  Orcish Mines |   7.6 |   7.3 |  12.7 |   0.0 |   0.0 | 700.5
        Depths |   8.8 |   8.8 |   8.1 |   0.0 |   0.0 | 850.0
         Sewer |   2.3 |   2.5 |   0.0 |   0.6 |   0.0 | 479.0
       Volcano |   1.2 |   1.4 |   0.0 |   0.0 |   0.0 | 261.0
               +-------+-------+-------+-------+-------+----------------------

Table legend:
 A = Kills in this place as a percentage of kills in entire the game.
 B = Kills by you in this place as a percentage of kills by you in the entire game.
 C = Kills by friends in this place as a percentage of kills by friends in the entire game.
 D = Other kills in this place as a percentage of other kills in the entire game.
 E = Experience gained in this place as a percentage of experience gained in the entire game.
 F = Experience gained in this place divided by the number of levels of this place that you have seen.
                   A       B       C       D       E      F
               +-------+-------+-------+-------+-------+----------------------
         Total | 100.0 | 100.0 | 100.0 | 100.0 | 100.0 | 6698.6
       Dungeon |  47.7 |  50.1 |  12.5 |   0.0 |  32.7 | 3948.1
          Lair |  22.2 |  18.3 |  80.4 |   0.0 |  29.6 | 8915.7
  Orcish Mines |  16.7 |  17.6 |   3.6 |   0.0 |   6.7 | 6068.5
        Depths |   8.1 |   8.3 |   3.6 | 100.0 |  28.1 | 25447.0
         Sewer |   3.2 |   3.4 |   0.0 |   0.0 |   0.2 | 407.0
       Volcano |   2.2 |   2.3 |   0.0 |   0.0 |   2.6 | 4710.0
               +-------+-------+-------+-------+-------+----------------------

Vault maps used:
D:1:      dpeg_arrival_stonehenge_8_columns
D:2:      chequers_temple_overflow_statue_of_worship, minivault_23, uniq_natasha
D:3:      overflow_temple_1_default, first_ration
D:4:      minmay_opposing_rooms, chequers_ossuary_entry_cave,
          portal_sewer_entry_b, uniq_ijyb
D:5:      lemuel_crystal_altar
D:6:      minmay_temple_entry_butterflies, uniq_sigmund
D:7:      lemuel_round_altar, the_bakery
D:10:     lair_entry_dummy, basic_altar, kennysheep_generic_room_6
D:11:     minmay_misc_feat_more_columns
D:12:     minmay_orc_entry_temple_small, grunt_dithmenos_shadows, uniq_kirke
D:13:     grunt_vaults_entry_fortified, serial_shops, shop,
          nicolae_shop_temple_entry_statues_fountains, shop,
          kennysheep_mini_moat
D:15:     hangedman_depths_entry_try_elsewhere_first, evilmike_ruin_ashenzari,
          minmay_unpleasant_kobolds
Lair:2:   nicolae_volcano_entry_lava_flow, uniq_gastronok
Lair:3:   nicolae_spider_entry_tight_spaces, ebering_ghost_reflecting_pool,
          lemuel_fruit_fields, lemuel_fruit_tree
Lair:4:   minmay_swamp_entry_wisps, uniq_rupert, uniq_nergalle
Lair:5:   eino_house_with_fridge
Lair:6:   minmay_lair_end_enchanted_forest, minmay_slime_entry_oklob_enclosed,
          gammafunk_ghost_icy
Orc:1:    serial_shops, nicolae_shop_trees, uniq_erica
Orc:2:    grunt_orc_community_town_hall, grunt_orc_community_big_house_1,
          grunt_orc_community_big_house_1, grunt_orc_community_house_3,
          grunt_orc_community_house_3, grunt_orc_community_house_2,
          grunt_orc_community_house_1, grunt_orc_community_house_3,
          grunt_orc_community_house_2
Depths:1: serial_shops, shop, nicolae_shop_waterfront, kennysheep_mini,
          grunt_metal_band, pan_entry, lemuel_freeze_loot_1, grunt_megastairs_1
Depths:2: kennysheep_ambush_hall, enter_ziggurat_a, hangedman_coc_ice_floe,
          pan_entry, abyss_entry, minmay_strange_pillars, minivault_16
Sewer:    sewer_co_tree
Volcano:  volcano_grotto
